 Dungeon Crawl Stone Soup version 0.27.1-34-g3ba077fa99 (webtiles) character file.

Game seed: 6805542216199431542

72 comborobin the Sneak (level 4, -3/21 (28) HPs)
             Began as a Tengu Delver on Jan 4, 2022.
             Slain by a wight (7 damage)
             ... on level 3 of the Dungeon.
             The game lasted 00:01:57 (1807 turns).

comborobin the Sneak (Tengu Delver)                 Turns: 1807, Time: 00:01:57

HP:   -3/21 (28)    AC:  4    Str: 12    XL:     4   Next: 25%
MP:   5/5           EV: 12    Int: 11    God:
Gold: 34            SH:  0    Dex: 16    Spells: 3/3 levels left

rFire    . . .     SeeInvis .   c - +0 scimitar
rCold    . . .     Faith    .   (no shield)
rNeg     . . .     Spirit   .   a - +0 leather armour
rPois    .         Reflect  .   (helmet restricted)
rElec    .         Harm     .   e - +0 cloak
rCorr    .         Rampage  .   (no gloves)
Will     .....                  (boots unavailable)
Stlth    +++.......             (no amulet)
HPRegen  0.07/turn              (no ring)
MPRegen  0.09/turn              (no ring)

@: very heavily drained
A: beak, talons 3
a: no special abilities


You were on level 3 of the Dungeon.
You visited 1 branch of the dungeon, and saw 4 of its levels.

You collected 34 gold pieces.

Inventory:

Hand Weapons
 c - a +0 scimitar (weapon)
Armour
 a - a +0 leather armour (worn)
 e - a +0 cloak (worn)
 h - a +0 kite shield
Wands
 f - a wand of digging (3)
Scrolls
 b - a scroll of fog
 d - a scroll of fear
 i - 2 scrolls of identify {unknown}
 m - a scroll of summoning {unknown}
Potions
 j - a potion of attraction {unknown}
 k - a potion of brilliance {unknown}
 l - a potion of berserk rage {unknown}


   Skills:
 + Level 3.4 Fighting
 * Level 2.2 Long Blades
 + Level 1.5 Armour
 + Level 2.8 Dodging
 - Level 5.0 Stealth
 - Level 2.3 Unarmed Combat


You had 3 spell levels left.
You didn't know any spells.
Your spell library was empty.

Dungeon Overview and Level Annotations

Branches:
Dungeon (6/15)
 Temple: D:4-7

Altars:
Nemelex Xobeh
Ru


Innate Abilities, Weirdness & Mutations

You have a beak for a mouth.
You have claws for feet.


Message History

Anything else - Cancel.
You shout for attention!
A wight comes into view. It is wielding a +0 long sword.
There is a stone staircase leading up here.
The wight hits you with a +4 hand axe.
You feel drained.
You climb upwards.
There is a stone staircase leading down here.
Unknown command.
Unknown command.
You barely miss the wight. The wight hits you with a +4 hand axe!
You feel drained. The wight closely misses you.
You closely miss the wight. You peck the wight. You punch the wight.
The wight is moderately damaged.
The wight hits you with a +4 hand axe.
You completely miss the wight. You peck the wight.
The wight is moderately damaged.
The wight hits you with a +4 hand axe!
* * * LOW HITPOINT WARNING * * *
You feel drained.
* * * LOW HITPOINT WARNING * * *
You slash the wight! You peck the wight, but do no damage.
The wight is almost destroyed.
The wight closely misses you.
You riposte.
You closely miss the wight.
The wight is severely damaged.
The wight misses you.
Okay, then.
You feel better. The wight closely misses you.
You riposte.
You barely miss the wight.
The wight is severely damaged.
You hit the wight.
The wight is almost destroyed.
The wight hits you with a +4 hand axe.
* * * LOW HITPOINT WARNING * * *
You feel drained.
* * * LOW HITPOINT WARNING * * *
You hit the wight but do no damage. Your kick misses the wight.
You peck the wight.
The wight is almost destroyed.
The wight hits you with a +4 hand axe!
You die...

#.##................⌠.⌠..'
##.##'###.###'###.####.####
#..#...##.##...##.# #.#...
#....8.##.##.8....# #.#.#.
#..#....###....#..# #.#.#.
##.##...###...##### #.#.#.
#.##....#....# #.#.#.
#.###.......## ####.#.#.
#.# #.>.8@<.# #....#...
#.###...z...## #.####.##
#.##....#....# #.# #.#<
##.##...###...## #.# #...
#..#....# #....####.# ####
#..+.8.## ##.8.'.##.#####..
#..#...# #...#........#..
##.##.## ##+##.######.#.#
#....# #....# #.#..


You could see a wight.

Vanquished Creatures
  An iguana (D:4)
  2 adders (D:3)
  An ufetubus (D:3)
  2 orcs (D:5)
  A bat (D:3)
  2 endoplasms (D:3)
  2 giant cockroaches (D:3)
  A goblin (D:4)
  5 hobgoblins
  A quokka (D:3)
  2 frilled lizards (D:3)
  A rat (D:3)
21 creatures vanquished.

Notes
Turn   | Place    | Note
-------+----------+-------------------------------------------
     0 | D:5      | comborobin the Tengu Delver began the quest for the Orb.
     0 | D:5      | Reached XP level 1. HP: 14/14 MP: 2/2
     5 | D:5      | Noticed an ogre
    55 | D:5      | Noticed a water moccasin
   329 | D:4      | Reached XP level 2. HP: 19/19 MP: 3/3
   540 | D:3      | Found a sacrificial altar of Ru.
   566 | D:3      | Reached skill level 1 in Long Blades
   693 | D:3      | Reached skill level 1 in Armour
   693 | D:3      | Reached XP level 3. HP: 23/23 MP: 4/4
  1144 | D:3      | Found a sparkling altar of Nemelex Xobeh.
  1582 | D:4      | Reached XP level 4. HP: 12/28 MP: 5/5
  1807 | D:3      | Slain by a wight

Illustrated notes

Levels and vault maps discovered:
D:3:      layout_basic, nemelex_xobeh_ov_fountains_minmay,
          nicolae_ru_sacrificial_ziggurat, grunt_ministairs_13,
          kennysheep_generic_room_3
D:4:      layout_basic
D:5:      layout_cave_pods, old_standard_altar, kennysheep_slug_shrine,
          serial_column_ruins, column_ruins_hut_ruined,
          column_ruins_temple_circle, column_ruins_open_tiny,
          column_ruins_grid_4, column_ruins_open_small,
          column_ruins_corridor_corner, column_ruins_columns_dead_end,
          minmay_misc_feat_iff, uniq_crazy_yiuf_cottage, uniq_sigmund
D:6:      layout_basic, minitemple, nicolae_uskayaw_dance_studio

Skill      XL: |  1  2  3 |
---------------+----------+-----
Long Blades    | 1 2 |  2.2
Armour         | 1 |  1.5
Fighting       | |  3.4
Dodging        | |  2.8
Stealth        | |  5.0
Unarmed Combat | |  2.3

Action                   |  1- 3 |  4- 6 || total
-------------------------+-------+-------++-------
Melee: Unarmed           |     6 |       ||     6
       Scimitar          |    41 |     6 ||    47
       Peck              |     8 |     4 ||    12
       Kick              |    11 |       ||    11
       Punch             |       |     1 ||     1
  Use: Scroll            |     2 |       ||     2
       Potion            |     2 |     1 ||     3
 Stab: Sleeping          |     7 |       ||     7
       Distracted        |     1 |       ||     1
Armor: Leather armour    |    16 |       ||    16
Dodge: Dodged            |    31 |     4 ||    35
       Rpst.: Scimitar   |     6 |     2 ||     8
